 Dungeon Crawl Stone Soup version 0.29.1-14-g9c671dbff4 (webtiles) character file.

Game seed: 9880180891756931926

11 Maria the Vexing (level 2, 0/12 HPs)
             Began as a Felid Enchanter on Feb 16, 2023.
             Slain by a goblin
             ... wielding a +0 dagger
              (2 damage)
             ... on level 1 of the Dungeon.
             The game lasted 00:00:59 (179 turns).

Maria the Vexing (Felid Enchanter)                   Turns: 179, Time: 00:01:00

Health: 0/12       AC:  1    Str:  4    XL:     2   Next: 17%
Magic:  6/6        EV: 17    Int: 16    God:
Gold:   0          SH:  0    Dex: 16    Spells: 5/5 levels left
                                        Lives:  0   Deaths: 0

rFire   . . .      SeeInvis +     - Unarmed
rCold   . . .      Faith    .   (shield unavailable)
rNeg    . . .      Spirit   .   (body armour unavailable)
rPois   .          Reflect  .   (helmet unavailable)
rElec   .          Harm     .   (cloak unavailable)
rCorr   .          Rampage  .   (gloves unavailable)
Will    .....                   (boots unavailable)
Stlth   +++.......              (no amulet)
HPRegen 0.04/turn               (no ring)
MPRegen 0.10/turn               (no ring)

@: invisible, quick
A: very small, claws 1, fangs 3, see invisible, speed 1, shaggy fur 1, stealthy
paws, no weapons or thrown items, no armour, multi-lived
a: no special abilities


You were on level 1 of the Dungeon.
You visited 1 branch of the dungeon, and saw 1 of its levels.

Inventory:

Potions
 a - a potion of invisibility
 b - a potion of magic {unknown}
 c - a potion of brilliance {unknown}
 d - a potion of degeneration
 e - a potion of flight {unknown}


   Skills:
 * Level 0.4 Fighting
 * Level 2.8 Dodging
 * Level 4.2 Stealth
 * Level 1.1 Unarmed Combat
 * Level 2.1 Spellcasting
 * Level 4.7 Hexes


You had 5 spell levels left.
You didn't know any spells.
Your spell library contained the following spells:

 Spells                   Type           Power      Damage    Failure   Level
 Confusing Touch          Hex            16%        N/A       9%          3
 Tukima's Dance           Hex            16%        N/A       9%          3
 Ensorcelled Hibernation  Hex/Ice        18%        N/A       12%         2
 Dazzling Flash           Conj/Hex       18%        N/A       24%         3


Dungeon Overview and Level Annotations

Branches:
Dungeon (1/15)

Altars:


Innate Abilities, Weirdness & Mutations

You have sharp claws.
You have razor-sharp teeth.
You have supernaturally acute eyesight. (SInv)
You cover ground quickly. (Speed+)
You are covered in fur. (AC +1)
Your paws help you pounce on unaware monsters.
You are incapable of wielding weapons or throwing items.
You cannot wear armour.
You gain extra lives every three experience levels.


Message History

The jackal is moderately wounded.
The jackal completely misses you. The jackal closely misses you.
You scratch the jackal but do no damage.
The jackal is moderately wounded.
The jackal bites you. x2; The jackal closely misses you.
The jackal completely misses you.
You closely miss the jackal. You bite the jackal.
The jackal is severely wounded.
The jackal closely misses you. The jackal misses you.
You scratch the jackal.
You kill the jackal!
The jackal barely misses you. The jackal closely misses you. x2
You closely miss the jackal. You claw the jackal. Your bite misses the jackal.
The jackal is almost dead.
The jackal closely misses you. The jackal misses you.
You closely miss the jackal.
The jackal is almost dead.
The jackal misses you. x2
You scratch the jackal but do no damage.
You bite the jackal, but do no damage.
The jackal is almost dead.
The jackal bites you.
The jackal bites you but does no damage.
The jackal bites you.
* * * LOW HITPOINT WARNING * * *
The jackal completely misses you.
You fade into invisibility!
The jackal misses you. x2
You scratch the jackal. You bite the jackal.
You kill the jackal!
The jackal misses you.
You closely miss the jackal.
The jackal is severely wounded.
The jackal completely misses you.
You scratch the jackal but do no damage.
The jackal is severely wounded.
A goblin comes into view. It is wielding a +0 dagger.
The goblin shouts!
You hear a shout!
The goblin hits you with a +0 dagger.
You die...

#.# #.#
##########.#############†########
.............(...................
##.###.......##.#......##..#..#..
##. #..###.###........###.#.....
.. #..#....##..#.##..# #.......
#.####...##.##..#.##..# ###..#.#
##.h.............####..# ##....#
.....#.##.......@g.##.## #...###
.....#)####..#........# #..#.###
.....#.# ##..........###..##....
.....'.# ##...##.#.##....##....
.....### ##..# ...##.#........
..... #..# .#.#..#.###.... ...[.
.... #.# #.... .hh.. #... # ##...
..... #...


You could see a goblin (unable to see you).

Vanquished Creatures
  3 ball pythons (D:1)
  2 goblins (D:1)
  A hobgoblin (D:1)
  2 jackals (D:1)
  A rat (D:1)
9 creatures vanquished.

Notes
Turn   | Place    | Note
-------+----------+-------------------------------------------
     0 | D:1      | Maria the Felid Enchanter began the quest for the Orb.
     0 | D:1      | Reached XP level 1. HP: 7/7 MP: 4/4
   157 | D:1      | Reached XP level 2. HP: 12/12 MP: 6/6
   179 | D:1      | Slain by a goblin

Illustrated notes

Levels and vault maps discovered:
D:1:      mrwooster_arrival_statue_3, layout_basic, roderic_lattice_a,
          minmay_misc_feat_cross

Action                   || total
-------------------------++-------
Melee: Unarmed           ||    24
       Bite              ||     3
       Punch             ||     1
  Use: Scroll            ||     1
       Potion            ||     1
 Stab: Sleeping          ||     2
Armor: Skin              ||     4
Dodge: Dodged            ||    27
